Map: Ley Lines

Players

KimChiLoVer - Winner!

  • Race: Terran Terran
  • League: Diamond
  • Spawn Location: 7:00

VOD

Have the link to the VOD?

Description

Time

  • Played on: Oct. 26, 2025, 10:11 p.m.
  • Length: 7:47
Show
View Real Time Build Order
Export as new Build Order

KimChiLoVer Terran - Winner!

Build Orders: Reaper Expand, Hellion Banshee 

Get SALT Encoding   

  12  0:02  SCV  
  12  0:14  SCV  
  12  0:18  Supply Depot  
  12  0:26  SCV  
  12  0:40  SCV  
  12  0:41  Barracks  
  12  0:46  Refinery  
  12  0:52  SCV  
  12  1:04  SCV  
  12  1:16  SCV  
  12  1:28  Orbital Command  
  12  1:29  Reaper  
  12  1:41  Command Center  
  12  1:50  Supply Depot  
  12  1:54  SCV  
  12  2:06  SCV  
  12  2:07  Marine  
  12  2:08  Factory  
  12  2:16  Refinery  
  12  2:18  SCV  
  12  2:26  Barracks Reactor  
  12  2:30  SCV  
  12  2:43  SCV  
  12  2:53  Starport  
  12  2:56  Orbital Command  
  12  3:10  Hellion x2  
  12  3:12  SCV  
  12  3:13  Barracks Tech Lab  
  12  3:23  SCV  
  12  3:24  Supply Depot, SCV  
  12  3:31  Hellion x2  
  12  3:40  SCV  
  12  3:45  Command Center  
  12  3:49  Supply Depot  
  12  3:52  Banshee  
  12  3:55  Cloaking Field  
  12  3:58  Hellion  
  12  4:00  Hellion  
  12  4:02  SCV  
  12  4:04  SCV  
  12  4:11  Marine  
  12  4:19  SCV  
  12  4:20  SCV  
  12  4:31  SCV  
  12  4:32  SCV  
  12  4:33  Barracks  
  12  4:36  Factory Reactor  
  12  4:38  Barracks  
  12  4:41  Supply Depot  
  12  4:42  Supply Depot  
  12  4:45  Banshee  
  12  4:48  Marine x2  
  12  5:00  Engineering Bay x2  
  12  5:01  SCV  
  12  5:02  Orbital Command, SCV  
  12  5:09  Refinery  
  12  5:11  Refinery  
  12  5:13  SCV  
  12  5:22  Factory Tech Lab  
  12  5:27  Barracks  
  12  5:28  Barracks  
  12  5:35  Marine, Starport Reactor  
  12  5:36  Marine  
  12  5:40  Stimpack  
  12  5:48  SCV  
  12  5:50  Marine x2  
  12  5:52  Siege Tank  
  12  5:56  SCV x2  
  12  6:00  SCV  
  12  6:10  Supply Depot  
  12  6:12  Supply Depot, SCV  
  12  6:14  SCV x2  
  12  6:19  Barracks Reactor x2  
  12  6:24  Siege Tank, SCV  
  12  6:26  SCV x2  
  12  6:27  Armory  
  12  6:28  Marine  
  12  6:29  Marine x2  
  12  6:32  Medivac  
  12  6:33  Medivac  
  12  6:35  Orbital Command  
  12  6:36  SCV  
  12  6:49  Supply Depot x2, Marine x4  
  12  6:50  Supply Depot  
  12  6:57  Marine x2  
  12  6:58  Siege Tank, Marine  
  12  7:02  Medivac  
  12  7:05  SCV x3  
  12  7:07  Medivac  
  12  7:08  Marine x2  
  12  7:12  Marine  
  12  7:17  SCV x2  
  12  7:20  Supply Depot, SCV  
  12  7:21  Supply Depot  
  12  7:27  Marine x2  
  12  7:28  Marine x4  
  12  7:29  SCV x2  
  12  7:32  SCV  
  12  7:44  Supply Depot  
Tags
 
Add a new tag
Caveats
  • Supply blocks, unpowered buildings, or Contaminate may cause inaccurate times.
  • Supply counts are checked every 10 seconds.